[Event "Team 45 45 League T32"]
[Site "Internet Chess Club"]
[Date "2007.03.18"]
[Round "9"]
[White "spacecadet"]
[Black "martineden"]
[Result "0-1"]
[WhiteElo "2040"]
[BlackElo "2011"]
[ECO "C34"]
[TimeControl "2700+45"]

1. e4 e5 2. f4 exf4 3. Nf3 d6 4. Bc4 Be6 5. Bxe6 fxe6 6. d4 g5 7. h4 g4 8. Ng5
Qf6 9. Qxg4 Nc6 10. Qxe6+ Qxe6 11. Nxe6 Kd7 12. d5 Bh6 13. c3 Ne5 14. O-O f3 15.
Bxh6 fxg2 16. Rf2 Nxh6 17. Rxg2 Rhg8 18. Ng5 Nd3 19. Na3 Nf4 20. Rd2 Nh3+ 21.
Kh1 Nxg5 22. hxg5 Rxg5 23. Rh2 Rg6 24. Rf1 Rag8 25. Nc4 R8g7 26. Ne3 Ng4 27.
Nxg4 Rxg4 28. Re1 c6 29. b3 Kc7 30. c4 a5 31. dxc6 bxc6 32. Rh5 Kb6 33. Re2 R4g5
34. Rh6 Kc5 35. Kh2 R5g6 36. Rxg6 Rxg6 37. e5 Re6 38. Kg1 Rxe5 39. Rh2 h5 40.
Kf1 Kb4 41. Kf2 a4 42. Rh3 axb3 43. axb3 Ra5 44. Ke2 Ra2+ 45. Kd1 Rb2 46. Rxh5
Rxb3 47. c5 d5 48. Rh4+ Kxc5 49. Kc2 Rb4 50. Rh5 Rg4 51. Rh3 d4 52. Kd3 Kb4 53.
Rh6 c5 54. Rb6+ Ka5 55. Rb8 Rg3+ 56. Kc4 Rc3+ 57. Kd5 d3 58. Ke4 c4 59. Ke3 Ka4
60. Kd2 Rb3 61. Rc8 Rb2+ 62. Kd1 Kb3 63. Ra8 c3 64. Rb8+ Ka2 65. Ra8+ Kb1 66.
Rc8 c2+ {White resigns} 0-1

[Event "Team 45 45 League T32"]
[Site "Internet Chess Club"]
[Date "2007.03.20"]
[Round "9"]
[White "alastorx"]
[Black "Hazy"]
[Result "0-1"]
[WhiteElo "1902"]
[BlackElo "1951"]
[ECO "B07"]
[TimeControl "2700+45"]

1. d4 Nf6 2. Nc3 d6 3. e4 d5 4. e5 Nfd7 5. Nxd5 e6 6. Nc3 c5 7. Nf3 cxd4 8. Qxd4
Nc6 9. Qa4 Bc5 10. Ne4 Be7 11. Bb5 Qc7 12. O-O O-O 13. Bxc6 bxc6 14. Bf4 Rb8 15.
Nd6 Rxb2 16. Nd4 c5 17. Nc6 Nb6 18. Nxe7+ Qxe7 19. Qe4 Nd5 20. Bc1 Rb4 21. c4
Qc7 22. Qg4 Ne7 23. Bd2 Ra4 24. h4 Ba6 25. Rfc1 Rd8 26. Rc3 Nf5 27. Bf4 Qa5 28.
Nxf5 exf5 29. Qg5 h6 30. Qg3 Rd4 31. e6 fxe6 32. Be5 Rg4 33. Qf3 Bxc4 34. Qa8+
Kh7 35. Rg3 Bd5 36. Qf8 Rxg3 37. fxg3 Rg4 38. Rc1 Qd2 {White resigns} 0-1

[Event "Team 45 45 League T32"]
[Site "Internet Chess Club"]
[Date "2007.03.18"]
[Round "9"]
[White "HoHo"]
[Black "Egmont"]
[Result "1-0"]
[WhiteElo "1730"]
[BlackElo "1721"]
[ECO "B34"]
[TimeControl "2700+45"]

1. e4 c5 2. Nf3 Nc6 3. d4 cxd4 4. Nxd4 g6 5. Nxc6 bxc6 6. Nd2 Bg7 7. Be2 Nf6 8.
O-O O-O 9. c4 d5 10. cxd5 cxd5 11. exd5 Nxd5 12. Bf3 Rb8 13. Nb3 Be6 14. Qe2 Qc7
15. g3 Rbc8 16. Be4 Qb6 17. Rd1 Nf6 18. Be3 Qb4 19. Bc2 Qb7 20. Rd2 Bg4 21. Qf1
Ne4 22. Bxe4 Qxe4 23. Bxa7 Qf5 24. Bd4 Bh3 25. Qe2 Bg4 26. Qe3 Bf3 27. Bxg7 Kxg7
28. Nd4 {Black resigns} 1-0

[Event "Team 45 45 League T32"]
[Site "Internet Chess Club"]
[Date "2007.03.17"]
[Round "9"]
[White "shakkimestari"]
[Black "chiiwen"]
[Result "0-1"]
[WhiteElo "1732"]
[BlackElo "1892"]
[ECO "A84"]
[TimeControl "2700+45"]

1. d4 f5 2. c4 Nf6 3. Nf3 e6 4. Nc3 d5 5. Bg5 Be7 6. e3 c6 7. Be2 O-O 8. O-O Ne4
9. Bxe7 Qxe7 10. Ne5 Nd7 11. Nxd7 Bxd7 12. f3 Nxc3 13. bxc3 Qg5 14. f4 Qh4 15.
Rf3 Be8 16. cxd5 exd5 17. Rh3 Qe7 18. c4 Bf7 19. c5 Rae8 20. Bh5 Bxh5 21. Qxh5
g6 22. Qe2 Qe4 23. Qb2 Re7 24. Re1 Rfe8 25. Qd2 a6 26. Rf3 Kg7 27. Kf2 h6 28. h4
h5 29. Rg3 Qe6 30. Qe2 Kh6 31. Qb2 Qf6 32. Rh3 Qf7 33. Re2 Re4 34. g3 Qe7 35.
Qb3 Rxd4 36. exd4 Qxe2+ 37. Kg1 Qe1+ 38. Kg2 Re2+ 39. Kf3 Qf1# {White
checkmated} 0-1

[Event "Team 45 45 League T32"]
[Site "Internet Chess Club"]
[Date "2007.03.19"]
[Round "9"]
[White "A-Ru"]
[Black "Thestorm"]
[Result "0-1"]
[WhiteElo "1848"]
[BlackElo "2115"]
[ECO "A46"]
[TimeControl "2700+45"]

1. d4 Nf6 2. Nf3 e6 3. e3 c5 4. Bd3 d5 5. b3 Nc6 6. O-O Bd6 7. Bb2 O-O 8. Nbd2
Qe7 9. Ne5 cxd4 10. exd4 Ba3 11. Bxa3 Qxa3 12. c3 Nxe5 13. dxe5 Nd7 14. f4 Qc5+
15. Kh1 Qxc3 16. Rf3 Qd4 17. Rc1 Nc5 18. Bxh7+ Kxh7 19. Rh3+ Kg8 20. Qh5 f6 21.
Nf3 Qxf4 22. Rxc5 Bd7 23. Qh7+ Kf7 24. Rg3 Qxg3 25. hxg3 Rh8 26. Qxh8 Rxh8+ 27.
Kg1 Rc8 28. Rxc8 Bxc8 29. Kf2 fxe5 30. Nxe5+ Kf6 31. Nd3 e5 32. Ke3 d4+ 33. Kf3
g5 34. b4 g4+ 35. Ke2 e4 36. Nf4 Be6 37. a3 Bc4+ 38. Kd2 b5 39. Kc2 e3 {White
resigns} 0-1

[Event "Team 45 45 League T32"]
[Site "Internet Chess Club"]
[Date "2007.03.18"]
[Round "9"]
[White "ETwoEFour"]
[Black "Hedges"]
[Result "1-0"]
[WhiteElo "1940"]
[BlackElo "1758"]
[ECO "C00"]
[TimeControl "2700+45"]

1. e4 e6 2. d3 d5 3. Nd2 c5 4. Ngf3 Nc6 5. g3 Bd6 6. Bg2 Nf6 7. O-O Qc7 8. Re1
O-O 9. a3 b6 10. Qe2 dxe4 11. Nxe4 Nxe4 12. Qxe4 f5 13. Qc4 h6 14. d4 Bd7 15.
dxc5 bxc5 16. Be3 Rac8 17. Rad1 Ne5 18. Nxe5 Bxe5 19. Re2 Rfd8 20. Red2 Kf7 21.
c3 Bf6 22. Bf4 {Black resigns} 1-0

[Event "Team 45 45 League T32"]
[Site "Internet Chess Club"]
[Date "2007.03.18"]
[Round "9"]
[White "joshtournman"]
[Black "kamu"]
[Result "0-1"]
[WhiteElo "1541"]
[BlackElo "1781"]
[ECO "B02"]
[TimeControl "2700+45"]

1. e4 Nf6 2. Nc3 d5 3. exd5 Nxd5 4. Nxd5 Qxd5 5. Qf3 Qc5 6. Bd3 Nc6 7. Ne2 Ne5
8. Qe3 Nxd3+ 9. Qxd3 Bf5 10. Qc3 Qxc3 11. Nxc3 Bxc2 12. Nb5 Kd7 13. d4 Be4 14.
O-O Bd3 15. a4 Bxf1 16. Kxf1 e6 17. Bf4 c6 18. Nc3 Bd6 19. Be3 Rad8 20. Rd1 Rhe8
21. f4 f5 22. h3 Ke7 23. g4 fxg4 24. hxg4 Bxf4 25. Bxf4 Rf8 26. Ne2 g5 {White
resigns} 0-1

[Event "Team 45 45 League T32"]
[Site "Internet Chess Club"]
[Date "2007.03.19"]
[Round "9"]
[White "Allessia"]
[Black "Gil-galad"]
[Result "1-0"]
[WhiteElo "2260"]
[BlackElo "2095"]
[ECO "C06"]
[TimeControl "2700+45"]

1. e4 e6 2. d4 d5 3. Nd2 Nf6 4. e5 Nfd7 5. Bd3 c5 6. c3 Nc6 7. Ne2 cxd4 8. cxd4
f6 9. Nf4 Nxd4 10. Qh5+ Ke7 11. exf6+ gxf6 12. Ng6+ hxg6 13. Qxh8 Ne5 14. Qh7+
Kd6 15. Bb1 Qa5 16. O-O Bd7 17. Rd1 Ne2+ 18. Kh1 Qa4 19. Ne4+ Kc7 20. b3 Qc6 21.
Nxf6 Nxc1 22. f4 Qc3 23. fxe5 Rd8 24. Bf5 Qxa1 25. Bxe6 {Black resigns} 1-0

[Event "Team 45 45 League T32"]
[Site "Internet Chess Club"]
[Date "2007.03.18"]
[Round "9"]
[White "gorgon"]
[Black "bobhill"]
[Result "1-0"]
[WhiteElo "2141"]
[BlackElo "2051"]
[ECO "E06"]
[TimeControl "2700+45"]

1. d4 d5 2. c4 e6 3. g3 Nf6 4. Bg2 Be7 5. Nf3 O-O 6. O-O b6 7. Ne5 Bb7 8. Nd2
Nbd7 9. Ndf3 Ne4 10. Qa4 Nxe5 11. Nxe5 dxc4 12. Nc6 Bxc6 13. Qxc6 f5 14. Qxe6+
Kh8 15. Qxc4 Rc8 16. d5 Nd6 17. Qc2 Qe8 18. Be3 Bf6 19. a4 Qe5 20. Ra2 Ne4 21.
Rd1 Rfd8 22. Qc6 Qe7 23. Bxe4 Qxe4 24. b3 Rd6 25. Qc4 Qe8 26. Bf4 Rd7 27. Qc6
Qf7 28. a5 g5 29. axb6 axb6 30. Be3 Rcd8 31. Ra7 Rxd5 32. Rxd5 Rxd5 33. Rxc7
Rd1+ 34. Kg2 Qg6 35. Bxb6 g4 36. Rc8+ Kg7 37. Qe6 Kh6 38. Be3+ Kh5 39. Rc5 Bg5
40. Qxf5 h6 41. Bxg5 hxg5 42. h4 Qc6+ 43. e4 Qf6 44. Qh7+ Qh6 45. Rxg5# {Black
checkmated} 1-0

[Event "Team 45 45 League T32"]
[Site "Internet Chess Club"]
[Date "2007.03.19"]
[Round "9"]
[White "baumhauer"]
[Black "Vael"]
[Result "1/2-1/2"]
[WhiteElo "2024"]
[BlackElo "1910"]
[ECO "A10"]
[TimeControl "2700+45"]

1. c4 f5 2. g3 Nf6 3. Bg2 d6 4. d4 c6 5. Nc3 e5 6. dxe5 dxe5 7. Qxd8+ Kxd8 8.
Bg5 Be6 9. O-O-O+ Kc7 10. b3 Nbd7 11. h3 Bc5 12. f3 Nh5 13. g4 Ng3 14. Rh2 f4
15. Bh4 Be3+ 16. Kc2 h5 17. Bxg3 fxg3 18. Rh1 Nf6 19. Rd3 Bf2 20. g5 Nd7 21. h4
Nc5 22. Rd1 Rad8 23. Nh3 Be3 24. Rhf1 Rxd1 25. Rxd1 Bf5+ 26. Ne4 Rd8 27. Rxd8
Kxd8 28. b4 Ne6 29. Kd3 Nf4+ 30. Nxf4 exf4 31. Kc3 Ke7 32. Nc5 b6 33. Nb3 Kd6
34. Nd4 Bxd4+ 35. Kxd4 c5+ 36. bxc5+ bxc5+ 37. Kc3 Ke5 38. a3 Bb1 39. Bf1 {Game
drawn by mutual agreement} 1/2-1/2

[Event "Team 45 45 League T32"]
[Site "Internet Chess Club"]
[Date "2007.03.17"]
[Round "9"]
[White "Legal"]
[Black "Ozgur-Bjk"]
[Result "0-1"]
[WhiteElo "1996"]
[BlackElo "2136"]
[ECO "D02"]
[TimeControl "2700+45"]

1. d4 d5 2. Nf3 Nf6 3. Bf4 c6 4. c3 Bf5 5. e3 e6 6. Bd3 Bxd3 7. Qxd3 Bd6 8. Be5
Qe7 9. Nbd2 O-O 10. O-O Nbd7 11. Bxd6 Qxd6 12. Rfe1 e5 13. e4 Rfe8 14. dxe5 Nxe5
15. Nxe5 Qxe5 16. Nf3 dxe4 17. Nxe5 exd3 18. Nxd3 Rad8 19. Rxe8+ Rxe8 20. Kf1
Rd8 21. Rd1 Kf8 22. f3 Nd5 23. Ke2 Re8+ 24. Kf2 b6 25. Re1 Rxe1 26. Nxe1 Ke7 27.
Nc2 Kd6 28. g3 b5 29. Ne3 Nxe3 30. Kxe3 Kd5 31. b3 c5 32. Kd3 a5 33. c4+ bxc4+
34. bxc4+ Ke5 35. Ke3 g5 36. g4 a4 37. a3 h6 38. h4 gxh4 39. f4+ Ke6 40. Kf3 f5
41. g5 hxg5 42. fxg5 Kf7 43. Ke3 h3 44. Kf3 f4 45. Kf2 Kg6 46. Kg1 Kxg5 47. Kh2
Kg4 48. Kg1 Kg3 49. Kh1 f3 50. Kg1 f2+ 51. Kf1 {White resigns} 0-1

[Event "Team 45 45 League T32"]
[Site "Internet Chess Club"]
[Date "2007.03.19"]
[Round "9"]
[White "Ser-Enigma"]
[Black "steve"]
[Result "1/2-1/2"]
[WhiteElo "2040"]
[BlackElo "2048"]
[ECO "E70"]
[TimeControl "2700+45"]

1. d4 Nf6 2. c4 g6 3. Nc3 Bg7 4. e4 d6 5. Bd3 O-O 6. Nge2 Na6 7. O-O e5 8. d5
Nc5 9. Bc2 a5 10. Be3 Nfd7 11. a3 a4 12. Nxa4 Rxa4 {Game drawn by mutual
agreement} 1/2-1/2

[Event "Team 45 45 League T32"]
[Site "Internet Chess Club"]
[Date "2007.03.19"]
[Round "9"]
[White "SneakyRed"]
[Black "viking99"]
[Result "0-1"]
[WhiteElo "1824"]
[BlackElo "1827"]
[ECO "C02"]
[TimeControl "2700+45"]

1. e4 e6 2. d4 d5 3. e5 c5 4. c3 Nc6 5. Nf3 Bd7 6. a3 Qc7 7. Bd3 Rc8 8. O-O cxd4
9. cxd4 Nge7 10. Nc3 a6 11. Be3 Ng6 12. Rc1 Qa5 13. Qd2 Be7 14. g3 O-O 15. h4 f5
16. exf6 Rxf6 17. Nh2 Bd6 18. Ng4 Rf7 19. Bxg6 hxg6 20. Qd3 Ne7 21. Ne5 Bxe5 22.
dxe5 Nf5 23. Ne2 Rcf8 24. b4 Bb5 25. Qd2 Qxa3 26. Ra1 Qd3 27. Rfe1 Nxe3 28. Qxd3
Bxd3 29. fxe3 Rf3 30. Nf4 Be4 31. Nxe6 Rxg3+ 32. Kh2 Rg2+ 33. Kh1 Rff2 34. Ng5
Rxg5# {White checkmated} 0-1

[Event "Team 45 45 League T32"]
[Site "Internet Chess Club"]
[Date "2007.03.18"]
[Round "9"]
[White "Frankly"]
[Black "pokerram"]
[Result "0-1"]
[WhiteElo "1634"]
[BlackElo "1789"]
[ECO "D82"]
[TimeControl "2700+45"]

1. d4 Nf6 2. c4 g6 3. Nc3 d5 4. Bf4 a6 5. e3 Bg7 6. Nf3 O-O 7. Qb3 c6 8. Bd3
Nbd7 9. cxd5 cxd5 10. Nxd5 Qa5+ 11. Nc3 b5 12. O-O Bb7 13. Ne5 Nxe5 14. Bxe5
Rad8 15. Rac1 Ng4 16. Bxg7 Kxg7 17. h3 Nf6 18. f4 Rb8 19. Rf2 b4 20. Na4 Bd5 21.
Bc4 Rfc8 22. Nc5 Rxc5 23. dxc5 Qxc5 24. Rfc2 Bxc4 25. Rxc4 Qb5 26. Rc5 Qe2 27.
Re5 e6 28. Qc2 Qxc2 29. Rxc2 Rb6 30. Rec5 b3 31. axb3 Rxb3 32. R5c3 Rb5 33. Kf1
Nd5 34. Ra3 a5 35. Ke2 f5 36. b3 Nb4 37. Rc7+ Kh6 38. Ra7 Nc6 39. Ra6 Rc5 40.
Kf3 Rc3 41. Ke2 Rc5 42. Ra8 e5 43. Re8 exf4 44. exf4 Rb5 45. Re3 Kg7 46. Rc3 Nb4
47. Kf3 Nd5 48. Rc4 Nf6 49. Rca4 Rc5 50. Rxa5 Rc3+ 51. Ke2 Rc2+ 52. Kf1 Ne4 53.
Kg1 Rc1+ 54. Kh2 Nd2 55. Ra7+ Kh6 56. Rd7 Nf1+ 57. Kg1 Ng3+ 58. Kf2 Ne4+ 59. Kf3
Rf1+ 60. Ke2 Rxf4 61. Raa7 Nf6 62. Rf7 Kg5 63. Ra6 Ne4 64. Rxh7 Rf2+ 65. Ke1
Rxg2 66. Rg7 Kf4 67. Rgxg6 Rb2 68. Rab6 Ke3 69. Kd1 f4 70. Rgc6 f3 71. Rc2 Rb1+
72. Rc1 Rb2 73. Rc2 Rb1+ 74. Rc1 f2 75. Rxb1 f1=Q+ 76. Kc2 Qd3+ 77. Kb2 Qd4+ 78.
Kc2 Qxb6 79. h4 Qc6+ 80. Kb2 Qc3+ 81. Ka3 Qa5+ 82. Kb2 Nd2 83. Ra1 Qe5+ 84. Ka2
Qa5+ 85. Kb2 Qb4 86. Ra3 Nc4+ {White resigns} 0-1

[Event "Team 45 45 League T32"]
[Site "Internet Chess Club"]
[Date "2007.03.15"]
[Round "9"]
[White "AlterEgo"]
[Black "drflounder"]
[Result "1/2-1/2"]
[WhiteElo "1626"]
[BlackElo "1722"]
[ECO "C02"]
[TimeControl "2700+45"]

1. e4 e6 2. d4 d5 3. e5 c5 4. c3 Nc6 5. Nf3 Qb6 6. a3 Nge7 7. dxc5 Qxc5 8. Be3
Qa5 9. Bd3 Qc7 10. Bd4 Nf5 11. Bc2 Be7 12. O-O O-O 13. Qd3 g6 14. Qd2 Ncxd4 15.
cxd4 Qb6 16. b4 a5 17. Nc3 axb4 18. axb4 Bd7 19. b5 Bb4 20. Qd3 Bxc3 21. Qxc3
Qxb5 22. Bd3 Qc6 23. Qb2 Rxa1 24. Rxa1 Rc8 25. g4 Nh6 26. Rb1 Nxg4 27. Qxb7 Qxb7
28. Rxb7 Ba4 29. h3 Nh6 30. Ng5 Rf8 31. Ra7 Be8 32. Ra6 Nf5 33. Nf3 Bd7 34. Ra7
Rd8 35. h4 h6 36. Kg2 Be8 37. Rc7 Rb8 38. Rc3 Ba4 39. Bxf5 gxf5 40. Ra3 Bc2 41.
Ne1 Bb3 42. Nd3 Bc4 43. Nc5 Kg7 44. Kf3 {Game drawn by mutual agreement} 1/2-1/2

[Event "Team 45 45 League T32"]
[Site "Internet Chess Club"]
[Date "2007.03.19"]
[Round "9"]
[White "rabanito"]
[Black "nanning"]
[Result "1-0"]
[WhiteElo "1790"]
[BlackElo "1488"]
[ECO "B47"]
[TimeControl "2700+45"]

1. e4 c5 2. Nf3 Nc6 3. d4 cxd4 4. Nxd4 e6 5. Nc3 Qc7 6. Be2 a6 7. O-O Nf6 8. Bg5
Be7 9. Nf3 h6 10. Be3 b5 11. a3 Bb7 12. Qd3 Ng4 13. Bd2 O-O 14. h3 Nce5 15. Nxe5
Nxe5 16. Qg3 Bd6 17. Bc1 Ng6 18. f4 Rac8 19. Be3 Bc5 20. Bxc5 Qxc5+ 21. Kh2 Ne7
22. Bd3 f5 23. e5 Nd5 24. Nxd5 Bxd5 25. Rad1 a5 26. Rd2 b4 27. axb4 axb4 28.
Rfd1 Ra8 29. Be2 Ra2 30. Bf3 Rf7 31. Bxd5 exd5 32. Rxd5 Qc6 33. Rd6 Qxc2 34.
Rxd7 Ra7 35. Rd8+ Kh7 36. R1d6 g5 37. fxg5 hxg5 38. Qxg5 f4 39. Qh6# {Black
checkmated} 1-0

[Event "Team 45 45 League T32"]
[Site "Internet Chess Club"]
[Date "2007.03.20"]
[Round "9"]
[White "Lionskins"]
[Black "fibin"]
[Result "0-1"]
[WhiteElo "1531"]
[BlackElo "1451"]
[ECO "A00"]
[TimeControl "2700+45"]

1. b4 e6 2. Bb2 Nf6 3. a3 d5 4. e3 Bd7 5. c4 dxc4 6. Bxc4 Bd6 7. Nc3 a6 8. h3
Nc6 9. Be2 O-O 10. Qc2 b5 11. Nf3 h6 12. g4 Ne5 13. Nxe5 Bxe5 14. Bf3 Rc8 15. h4
Bxc3 16. Bxc3 c5 17. g5 Nh7 18. gxh6 g6 19. Ke2 cxb4 20. axb4 Bc6 21. Bxc6 Rxc6
22. Rag1 e5 23. Qb2 e4 24. Bd4 Qd5 25. Bc5 Qh5+ 26. Ke1 Qxh6 27. Bxf8 Qxf8 28.
h5 Qc8 29. Kd1 Qf5 30. Ke1 Rf6 31. Rh2 Ng5 32. Rxg5 Qxg5 33. Kf1 Qf5 34. h6 Kh7
35. Qd4 Qf3 36. Ke1 g5 37. d3 Rxh6 38. Rxh6+ Kxh6 39. dxe4 f6 40. Qd5 Qh1+ 41.
Ke2 Qa1 42. Qf5 Qb2+ 43. Kf3 Qa1 44. Qh3+ Kg6 45. Qf5+ Kf7 46. Qd7+ Kg6 47. Qd6
Qh1+ 48. Ke2 Qxe4 49. Qd3 Kf5 50. f3 Qxd3+ 51. Kxd3 Ke5 52. Kc3 Kd5 53. Kd3 Ke5
54. Kc3 f5 55. Kd3 Kd5 56. e4+ fxe4+ 57. fxe4+ Ke5 58. Ke3 g4 59. Kf2 Kxe4 60.
Kg3 Kd4 61. Kxg4 Kc4 62. Kf3 Kxb4 63. Ke3 a5 64. Kd3 Kb3 65. Kd2 Kb2 66. Kd3 a4
{White resigns} 0-1

[Event "Team 45 45 League T32"]
[Site "Internet Chess Club"]
[Date "2007.03.16"]
[Round "9"]
[White "Cantemir"]
[Black "allanchs"]
[Result "0-1"]
[WhiteElo "1598"]
[BlackElo "1625"]
[ECO "D04"]
[TimeControl "2700+45"]

1. Nf3 d5 2. d4 Nf6 3. e3 Bg4 4. Be2 e6 5. O-O Be7 6. Ne5 Bxe2 7. Qxe2 O-O 8. c4
c5 9. b3 cxd4 10. exd4 dxc4 11. Qxc4 Nbd7 12. Nxd7 Qxd7 13. Bb2 Rac8 14. Qe2 Nd5
15. g3 Rc7 16. Na3 Rfc8 17. Nc4 Bf6 18. Rad1 b5 19. Ne5 Bxe5 20. dxe5 Rc2 21.
Rd2 R2c7 22. h4 a6 23. Kh2 h6 24. f4 Qc6 25. Rc1 Qb7 26. Rxc7 Rxc7 27. a3 Qc6
28. h5 Qc5 29. b4 Qc4 30. Qf2 Qe4 31. Rd4 Qe3 32. Qxe3 Nxe3 33. Rd8+ Kh7 34. Bd4
Rc2+ 35. Kh3 Rd2 36. Rd6 Nf5 37. Bc3 Rxd6 38. exd6 Nxd6 39. Bb2 Nc4 40. Bc1 f5
41. Kg2 g6 42. hxg6+ Kxg6 43. Kf3 h5 44. Ke2 e5 45. fxe5 Nxe5 46. Ke3 Kf6 47.
Bb2 Ke6 48. Kf4 Nd3+ 49. Kg5 Nxb2 50. Kxh5 Nc4 51. Kg5 Nxa3 52. Kf4 Nc2 {White
resigns} 0-1

[Event "Team 45 45 League T32"]
[Site "Internet Chess Club"]
[Date "2007.03.17"]
[Round "9"]
[White "Berkshires"]
[Black "GadsHill"]
[Result "0-1"]
[WhiteElo "1462"]
[BlackElo "1596"]
[ECO "B07"]
[TimeControl "2700+45"]

1. e4 d6 2. d4 Nf6 3. Nc3 Nbd7 4. Nf3 e5 5. dxe5 dxe5 6. Bc4 Be7 7. O-O O-O 8.
Bg5 c6 9. a3 Qc7 10. b4 b5 11. Bb3 a6 12. Ne2 h6 13. Bh4 Re8 14. Ng3 Nf8 15. Qe2
Ne6 16. c3 Nf4 17. Qe3 Be6 18. Bxe6 Nxe6 19. Nf5 Ng4 20. Nxe7+ Rxe7 21. Qe2 Nf4
22. Qc2 Re6 23. Rad1 Nf6 24. c4 Nh7 25. c5 g5 26. Bg3 Nf6 27. Rd2 N6h5 28. Rfd1
Re7 29. Rd6 Kg7 30. R1d2 Nxg3 31. hxg3 Ng6 32. Qd1 Nf8 33. Nh2 Ne6 34. Ng4 Nd4
35. Nxh6 Re6 36. Rxe6 fxe6 37. Ng4 Rh8 38. f3 Rd8 39. Kf2 Rh8 40. Ke3 Rd8 41.
Kf2 Rh8 42. Ke3 Kg6 43. f4 gxf4+ 44. gxf4 exf4+ 45. Kxd4 f3 46. gxf3 Qg7+ 47.
Ke3 Qh7 48. Ne5+ Kf6 49. Nd7+ Ke7 50. Ne5 Qh6+ 51. Ke2 Qh2+ 52. Ke3 Qxe5 53.
Rd7+ Kf6 54. Qd4 Qxd4+ 55. Rxd4 Rh1 56. Rd3 Re1+ 57. Kf2 Ra1 58. Ke2 Ke5 59. Ke3
Re1+ 60. Kd2 Ra1 61. Kc2 Ra2+ 62. Kb1 Rf2 63. Kc1 Kf4 64. Kd1 Rxf3 65. Ke2 Rxd3
66. Kxd3 e5 67. Kd2 Kxe4 68. Ke2 Kd4 69. Kd2 e4 70. Ke2 e3 71. Ke1 Kd3 72. Kd1
e2+ 73. Ke1 Kc3 74. Kxe2 Kb3 75. Ke3 Kxa3 76. Ke4 Kxb4 77. Ke5 Kxc5 {White
resigns} 0-1

[Event "Team 45 45 League T32"]
[Site "Internet Chess Club"]
[Date "2007.03.17"]
[Round "9"]
[White "juanhernandez"]
[Black "rgadoury"]
[Result "1-0"]
[WhiteElo "1479"]
[BlackElo "1314"]
[ECO "C10"]
[TimeControl "2700+45"]

1. d4 d5 2. Nc3 e6 3. e4 dxe4 4. Nxe4 Nf6 5. Nxf6+ Qxf6 6. Nf3 Qd8 7. Bc4 Be7 8.
O-O O-O 9. Bf4 Nd7 10. Qd3 Nf6 11. Rfe1 Bd6 12. Be5 Bd7 13. Ng5 g6 14. Qh3 Bxe5
15. Rxe5 Bc6 16. c3 Bd5 17. Bd3 h5 18. Qh4 Ng4 19. Ree1 Nf6 20. Qf4 Nh7 21. Ne4
Bxe4 22. Bxe4 c6 23. Qh6 Qg5 24. Qxg5 Nxg5 25. Bd3 Rfe8 26. Rad1 Kg7 27. Re2 f5
28. h3 Kf6 29. Rde1 Re7 30. f4 Nf7 31. g3 Rae8 32. Kf2 g5 33. fxg5+ Nxg5 34. Kg2
Nf7 35. Rf2 Nd6 36. Be2 Rh8 37. Bf3 e5 38. dxe5+ Rxe5 39. Rxe5 Kxe5 40. Rd2 Rh6
41. Rd4 a6 42. Rh4 c5 43. Rxh5 Rxh5 44. Bxh5 b5 45. h4 b4 46. cxb4 cxb4 47. Be2
a5 48. Kf3 Nf7 49. Bd3 Nh6 50. Bb5 Ng4 51. Bc6 Nh2+ 52. Ke2 Ng4 53. Bf3 Nh6 54.
Bb7 Ng4 55. Kf3 Nh6 56. a3 Ng4 57. axb4 axb4 58. Bc6 Nf6 59. Bb5 Ng8 60. Bd7 Nh6
61. Bc6 Ng4 62. Bb5 Nh6 63. Be8 Ng4 64. Bh5 Nh6 65. b3 Kd4 66. Kf4 Kc3 67. Kg5
Kxb3 68. Kxh6 Kc3 69. Bg6 b3 70. Bxf5 {Black resigns} 1-0

[Event "Team 45 45 League T32"]
[Site "Internet Chess Club"]
[Date "2007.03.20"]
[Round "9"]
[White "JimGaming"]
[Black "seldredg"]
[Result "0-1"]
[WhiteElo "1334"]
[BlackElo "1405"]
[ECO "B01"]
[TimeControl "2700+45"]

1. e4 d5 2. exd5 Qxd5 3. Nf3 a6 4. d4 g6 5. c4 Qd8 6. Nc3 Bg4 7. Be2 Bg7 8. Be3
e6 9. h3 Bxf3 10. Bxf3 c6 11. Qd2 Ne7 12. O-O-O Nf5 13. Ne2 a5 14. c5 Na6 15. a3
Nxe3 16. Qxe3 Nc7 17. Nc3 h5 18. h4 Bh6 19. Qxh6 Rxh6 20. g3 Qf6 21. Rd3 Rd8 22.
Ne4 Qe7 23. Rhd1 Kf8 24. Nd6 Nb5 25. Nxb5 cxb5 26. b4 a4 27. Kc2 Kg7 28. Bg2
Rhh8 29. f4 Rd7 30. R1d2 Rhd8 31. c6 Rc8 32. Rc3 bxc6 33. Bxc6 Rdc7 34. Rdd3
Rxc6 35. Rc5 Rxc5+ 36. dxc5 Rd8 37. c6 Rxd3 38. Kxd3 Qd6+ 39. Ke4 Qd5+ 40. Ke3
Qxc6 {White resigns} 0-1

[Event "Team 45 45 League T32"]
[Site "Internet Chess Club"]
[Date "2007.03.17"]
[Round "9"]
[White "BarryNL"]
[Black "Hastings"]
[Result "0-1"]
[WhiteElo "1439"]
[BlackElo "1314"]
[ECO "C62"]
[TimeControl "2700+45"]

1. e4 e5 2. Nf3 Nc6 3. Bb5 d6 4. h3 Bd7 5. O-O Be7 6. c3 Nf6 7. Re1 O-O 8. d4
Re8 9. Nbd2 a6 10. Ba4 b5 11. Bb3 Bf8 12. Bc2 Qc8 13. Nf1 Rb8 14. Ng3 h6 15. Kh2
Qb7 16. Be3 Na5 17. Rb1 Nc4 18. Qd3 Nxe3 19. Qxe3 exd4 20. cxd4 Bc6 21. d5 Bxd5
22. Qd3 Bc4 23. Qd4 Qb6 24. Qxb6 Rxb6 25. b3 Be6 26. e5 dxe5 27. Nxe5 Bc8 28.
Bf5 Bxf5 29. Nxf5 Rbe6 30. f4 Bd6 31. Nf3 Rxe1 32. Rxe1 Rxe1 33. Nxe1 Bxf4+ 34.
g3 Bc1 35. Nd3 Ba3 36. Kg2 Ne4 37. Ne7+ Bxe7 38. Kf3 Nc3 39. a3 Bxa3 {White
resigns} 0-1

[Event "Team 45 45 League T32"]
[Site "Internet Chess Club"]
[Date "2007.03.18"]
[Round "9"]
[White "Cataclysm"]
[Black "thalamus"]
[Result "0-1"]
[WhiteElo "1129"]
[BlackElo "1349"]
[ECO "C33"]
[TimeControl "2700+45"]

1. e4 e5 2. f4 exf4 3. Bc4 Qh4+ 4. Kf1 Nc6 5. Nf3 Qh5 6. Qe1 Bc5 7. c3 a6 8. d4
Ba7 9. Bxf4 d6 10. Ng5 Nh6 11. e5 O-O 12. e6 Qg4 13. exf7+ Nxf7 14. Qf2 Qd1+ 15.
Qe1 Qxe1+ 16. Kxe1 Bf5 17. Nd2 Na5 18. Bxf7+ Rxf7 19. Nxf7 Kxf7 20. Nf3 h6 21.
h3 g5 22. Bxg5 hxg5 23. Nxg5+ Kg6 24. h4 Re8+ 25. Kf2 Nc4 26. Rae1 Rxe1 27. Rxe1
Nxb2 28. Kf3 Nd3 29. Rh1 c5 30. g4 Bd7 31. h5+ Kxg5 32. h6 Bc6+ {White resigns}
0-1

[Event "Team 45 45 League T32"]
[Site "Internet Chess Club"]
[Date "2007.03.19"]
[Round "9"]
[White "Milo"]
[Black "akdog3"]
[Result "1-0"]
[WhiteElo "2466"]
[BlackElo "2293"]
[ECO "D07"]
[TimeControl "2700+45"]

1. d4 d5 2. c4 Nc6 3. Nf3 e5 4. dxe5 Bb4+ 5. Bd2 dxc4 6. e3 Be6 7. Qc2 Qd5 8.
Bxb4 Nxb4 9. Qa4+ Nc6 10. Nc3 Qc5 11. Qb5 Qxb5 12. Nxb5 O-O-O 13. Nbd4 Nxd4 14.
Nxd4 Bd5 15. Rc1 Re8 16. f4 f6 17. Bxc4 fxe5 18. Nf5 Rd8 19. fxe5 g6 20. Bxd5
gxf5 21. Be6+ Kb8 22. Bxf5 Ne7 23. e4 Nc6 24. e6 Nd4 25. Rc5 b6 26. Re5 Rhe8 27.
e7 Rd6 28. Bxh7 Nc6 29. Rg5 Rxe7 30. Bf5 Nb4 31. O-O Rd2 32. h4 Re8 33. h5 Rh8
34. Be6 Rh6 35. Rg6 Rxh5 36. Rf8+ {Black resigns} 1-0

[Event "Team 45 45 League T32"]
[Site "Internet Chess Club"]
[Date "2007.03.19"]
[Round "9"]
[White "postalex"]
[Black "jpitt"]
[Result "1-0"]
[WhiteElo "2212"]
[BlackElo "2300"]
[ECO "B33"]
[TimeControl "2700+45"]

1. e4 c5 2. Nf3 Nc6 3. d4 cxd4 4. Nxd4 Nf6 5. Nc3 e5 6. Ndb5 d6 7. Bg5 a6 8. Na3
b5 9. Bxf6 gxf6 10. Nd5 Bg7 11. c3 f5 12. exf5 Bxf5 13. Qf3 Be6 14. Bd3 Bxd5 15.
Qxd5 Ne7 16. Qf3 d5 17. Qg4 O-O 18. O-O f5 19. Qh4 Rf6 20. Nc2 e4 21. Be2 Ng6
22. Qg5 Qf8 23. Qd2 Bh6 24. f4 exf3 25. Qxd5+ Kh8 26. Qxf3 Re8 27. a4 Qg7 28.
axb5 Nh4 29. Qf2 Nxg2 30. Kh1 Nf4 31. Bf3 axb5 32. Ra7 Qg5 33. Qd4 Rg8 34. Rfa1
Ne2 35. Qf2 Rfg6 36. Bxe2 Bf8 37. Nd4 Bd6 38. Nf3 Qf4 39. Qh4 Qxh4 40. Nxh4 Re6
41. Bd3 Bc5 42. Bxf5 Rh6 43. Rc7 Bf2 44. Nf3 Rf6 45. Rxh7# {Black checkmated}
1-0

[Event "Team 45 45 League T32"]
[Site "Internet Chess Club"]
[Date "2007.03.18"]
[Round "9"]
[White "Zebbile"]
[Black "KingDestroyer"]
[Result "1-0"]
[WhiteElo "2077"]
[BlackElo "2176"]
[ECO "E18"]
[TimeControl "2700+45"]

1. d4 Nf6 2. Nf3 e6 3. g3 b6 4. Bg2 Bb7 5. O-O Be7 6. c4 O-O 7. Nc3 d5 8. Ne5
Nbd7 9. cxd5 exd5 10. Qa4 Nb8 11. Bf4 c6 12. Rad1 Bd6 13. e4 dxe4 14. Nxe4 Nd5
15. Nxd6 Qxd6 16. Nxf7 Qe6 17. Ng5 Qd7 18. Bh3 Rf5 19. Rfe1 Nxf4 20. Bxf5 b5 21.
Qb3+ {Black resigns} 1-0